 Dungeon Crawl Stone Soup version 0.30-a0-758-gc2c871d025 (webtiles) character file.

Game seed: 8835747790720466458

4174 DEFE the Cleaver (level 10, -4/70 HPs)
             Began as a Demonspawn Wanderer on Feb 10, 2023.
             Was a Priest of Okawaru.
             Slain by a two-headed ogre
             ... wielding a +0 giant club
              (17 damage)
             ... on level 9 of the Dungeon.
             The game lasted 00:07:56 (7402 turns).

DEFE the Cleaver (Demonspawn Wanderer)              Turns: 7402, Time: 00:07:56

Health: -4/70      AC: 17    Str: 15    XL:     10   Next: 8%
Magic:  17/17      EV: 17    Int: 23    God:    Okawaru [***...]
Gold:   554        SH:  0    Dex: 16    Spells: 10/11 levels left

rFire   + . .      SeeInvis .    F - +10 mace of Vuiluc {elec, rF+ Int+3}
rCold   . . .      Faith    .    (no shield)
rNeg    . . .      Spirit   .    g - +0 chain mail
rPois   .          Reflect  .    (helmet unavailable)
rElec   .          Harm     .    A - scarf {+Inv}
rCorr   .          Rampage  .    y - +0 pair of gloves
Will    .....                    o - +0 pair of boots Stlth
                                 (no amulet)
HPRegen 0.31/turn                E - ring of Aptaxini {EV+5 Int+8}
MPRegen 0.15/turn                h - +5 ring of evasion

@: sanguine armoured
A: horns 3, spiny 3, sanguine armour 1
a: Renounce Religion, Evoke Invisibility, Heroism


You were on level 9 of the Dungeon.
You worshipped Okawaru.
Okawaru was most pleased with you.
You visited 2 branches of the dungeon, and saw 10 of its levels.
You also visited: Bailey.

You collected 554 gold pieces.

Inventory:

Hand Weapons
 a - a +1 hand axe
 z - a +0 broad axe
 F - the +10 mace of Vuiluc (weapon) {elec, rF+ Int+3}
   (You found it on level 6 of the Dungeon)

   Int:       It affects your intelligence (+3).
   rF:        It protects you from fire.
Missiles
 C - a throwing net
Armour
 c - a +0 robe
 f - a +0 ring mail
 g - a +0 chain mail (worn)
 o - a +0 pair of boots (worn)
 y - a +0 pair of gloves (worn)
 A - a scarf of invisibility (worn)
 I - a +0 scale mail
 O - a +5 plate armour of ponderousness
Jewellery
 h - a +5 ring of evasion (right hand)
 j - a ring of willpower
 l - a ring of see invisible
 v - a ring of ice
 x - the ring of Zyabb {rF+ Int+3 Dex+2}
   (You took it off a kobold in a bailey)

   [ring of protection from fire]

   Int:       It affects your intelligence (+3).
   Dex:       It affects your dexterity (+2).
   rF:        It protects you from fire.
 E - the ring of Aptaxini (left hand) {EV+5 Int+8}
   (You found it on level 6 of the Dungeon)

   [ring of evasion]

   EV:        It affects your evasion (+5).
   Int:       It affects your intelligence (+8).
 H - a +6 ring of strength
 N - a ring of flight
Wands
 s - a wand of roots (10)
 L - a wand of flame (4)
 P - a wand of acid (12)
Scrolls
 b - 3 scrolls of teleportation
 d - 2 scrolls of fog
 e - 2 scrolls of torment
 k - 2 scrolls of immolation
 n - 2 scrolls of vulnerability
 p - 4 scrolls of silence
 q - a scroll of amnesia {unknown}
 r - a scroll of brand weapon
 D - 2 scrolls of poison
 J - 2 scrolls of enchant armour
 M - a scroll of identify
Potions
 i - 2 potions of lignification
 m - 3 potions of cancellation
 t - 4 potions of flight
 u - 2 potions of heal wounds
 w - a potion of magic
 B - 2 potions of attraction
 G - a potion of might
 K - a potion of berserk rage {unknown}
 Q - a potion of brilliance {unknown}


   Skills:
 - Level 3.0 Fighting
 + Level 10.5 Axes
 + Level 3.7 Armour
 + Level 3.3 Dodging
 - Level 1.0 Spellcasting
 - Level 1.7 Air Magic
 + Level 9.7 Invocations


You had 10 spell levels left.
You knew the following spells:

 Your Spells              Type           Power      Damage    Failure   Level
a - Shock                 Conj/Air       20%        1d4       89%         1

Your spell library contained the following spells:

 Spells                   Type           Power      Damage    Failure   Level
 Apportation              Tloc           2%         N/A       95%         1
 Static Discharge         Conj/Air       10%        2-3/arc   96%         2
 Frozen Ramparts          Ice            2%         1d1       100%        3
 Kindle Blastsparks       Fire/Tloc/Air  6%         2d10      100%        3
 Ozocubu's Armour         Ice            1%         N/A       100%        3
 Ice Form                 Ice/Tmut       1%         N/A       100%        4
 Alistair's Intoxication  Tmut/Pois      0%         N/A       100%        5
 Ozocubu's Refrigeration  Ice            0%         4d7       100%        7
 Summon Ice Beast         Ice/Summ       Unusable   N/A       N/A         4

Dungeon Overview and Level Annotations

Branches:
Dungeon (9/15)             Temple (1/1) D:5          Bailey (visited)
   Lair: D:8-11         Orc: D:9-12

Altars:
Ashenzari
Cheibriados
Dithmenos
Fedhas
Hepliaklqana
Kikubaaqudgha
Makhleb
Nemelex Xobeh
Okawaru
Ru
Sif Muna
Trog
Uskayaw
Vehumet
Wu Jian
Xom
Yredelemnul


Innate Abilities, Weirdness & Mutations

You have a pair of large horns on your head.
You are completely covered in sharp spines.
When seriously injured, your blood forms armour. (AC +6)


Message History

There is an open door here.
You see here a +0 shortbow.
Things that are here:
a +0 leather armour; a boomerang; a +0 club
Items here: )) [[.
Found a stone staircase leading up.
Done exploring.
Done exploring.
Done exploring.
There is a stone staircase leading down here.
You climb downwards.
There is a stone staircase leading up here.
Okay, then.
Found a quarterstaff.
Q - a white potion
Found an escape hatch in the ceiling.
You now have 554 gold pieces (gained 13).
No target in view!
No target in view!
A two-headed ogre comes into view. It is wielding two +0 giant clubs.
The two-headed ogre shouts in stereo!
A two-headed ogre is nearby!
The two-headed ogre hits you with a +0 giant club!!
Your blood congeals into armour.
The two-headed ogre misses you.
You take 31 damage, and have 39/70 hp.
MASSIVE DAMAGE!!
You sock the two-headed ogre!
Lightning courses through the two-headed ogre!
You headbutt the two-headed ogre.
Unknown command.
You completely miss the two-headed ogre.
The two-headed ogre is struck by your spines.
The two-headed ogre hits you with a +0 giant club! x2
* * * LOW HITPOINT WARNING * * *
You take 26 damage, and have 13/70 hp.
MASSIVE DAMAGE!!
You hit the two-headed ogre.
The two-headed ogre is struck by your spines.
The two-headed ogre hits you with a +0 giant club!
You die...

#.# #.# #.#
####.### #
#......##.##.#
.#.##..........
..<.....##.###.
##....##.# #
#...#. #@#
........O#
.#.##.##.# # #.
#.# ..# #.# #.#
...


You could see a two-headed ogre.

Vanquished Creatures
  Amaemon (D:8)
  An orange demon (D:8)
  A steam dragon (D:8)
  3 water moccasins
  5 orc warriors (Bailey)
  A sky beast (D:4)
  2 ogres
  2 centaurs (D:8)
  4 necrophages
  4 bullfrogs
  4 scorpions
  8 wights (D:8)
  A jelly (D:6)
  A gnoll bouda (D:7)
  A hound (D:5)
  7 orc priests
  Terence (D:2)
  4 iguanas
  2 orc wizards
  7 adders
  14 gnolls
  A shadow imp (D:6)
  3 white imps
  An ufetubus (D:6)
  A worm (D:3)
  2 dart slugs
  31 orcs
  6 ball pythons
  8 endoplasms
  6 giant cockroaches
  17 goblins
  16 hobgoblins
  15 jackals
  25 kobolds
  3 quokkas
  6 bats
  4 frilled lizards
  2 rats (D:2)
  A butterfly (D:5)
222 creatures vanquished.

Notes
Turn   | Place    | Note
-------+----------+-------------------------------------------
     0 | D:1      | DEFE the Demonspawn Wanderer began the quest for the Orb.
     0 | D:1      | DEFE set off with the following items: a +1 hand axe, a
                  | scroll of teleportation, a +0 robe; and the following spell
                  | memorised: Shock; and the following spells available to
                  | memorise: Static Discharge, Kindle Blastsparks.
     0 | D:1      | Reached XP level 1. HP: 18/18 MP: 2/2
   155 | D:1      | Gained mutation: You have a pair of small horns on your
                  | head. [demonic ancestry]
   155 | D:1      | Reached XP level 2. HP: 24/24 MP: 3/3
   205 | D:1      | Reached skill level 2 in Axes
   778 | D:1      | Found a faded altar of an unknown god.
   874 | D:2      | Noticed Terence
   890 | D:2      | Killed Terence
   891 | D:2      | Reached skill level 3 in Axes
   891 | D:2      | Gained mutation: You have a pair of horns on your head.
                  | [demonic ancestry]
   891 | D:2      | Reached XP level 3. HP: 23/29 MP: 4/4
  1079 | D:2      | Gained mutation: You are partially covered in sharp spines.
                  | [demonic ancestry]
  1079 | D:2      | Reached XP level 4. HP: 35/35 MP: 5/5
  1326 | D:3      | Noticed a necrophage
  1344 | D:3      | Killed a necrophage
  1345 | D:3      | Reached skill level 4 in Axes
  1345 | D:3      | Gained mutation: You are mostly covered in sharp spines.
                  | [demonic ancestry]
  1345 | D:3      | Reached XP level 5. HP: 29/41 MP: 6/6
  1752 | D:3      | Found a shadowy altar of Dithmenos.
  1991 | D:3      | Reached skill level 5 in Axes
  2216 | D:4      | Gained mutation: You have a pair of large horns on your
                  | head. [demonic ancestry]
  2216 | D:4      | Reached XP level 6. HP: 47/47 MP: 7/7
  2253 | D:4      | Reached skill level 6 in Axes
  2402 | D:4      | Noticed a sky beast
  2419 | D:4      | Killed a sky beast
  2420 | D:4      | Gained mutation: When seriously injured, your blood forms
                  | armour. (AC +6) [demonic ancestry]
  2420 | D:4      | Reached XP level 7. HP: 43/52 MP: 8/8
  2528 | D:4      | Reached skill level 7 in Axes
  2859 | D:5      | Entered Level 5 of the Dungeon
  3271 | D:5      | Found a staircase to the Ecumenical Temple.
  3279 | Temple   | Entered the Ecumenical Temple
  3351 | Temple   | Became a worshipper of Warmaster Okawaru
  3425 | D:5      | Reached skill level 8 in Axes
  3520 | D:5      | Reached skill level 1 in Invocations
  3911 | D:5      | Reached XP level 8. HP: 58/58 MP: 9/9
  4113 | D:6      | Identified the ring of Aptaxini {EV+5 Int+8}
  4142 | D:6      | Identified the +10 mace of Vuiluc {elec, rF+ Int+3}
  4524 | D:6      | Reached skill level 5 in Invocations
  4944 | D:7      | Reached skill level 9 in Axes
  4954 | D:7      | Reached * piety under Okawaru
  5459 | D:7      | Reached XP level 9. HP: 63/63 MP: 14/14
  5675 | D:7      | You fall into a shaft and drop 1 floor!
  5821 | D:8      | Found a blossoming altar of Fedhas.
  5821 | D:8      | Found a radiant altar of Vehumet.
  5825 | D:8      | Found an ancient bone altar of Kikubaaqudgha.
  5829 | D:8      | Reached ** piety under Okawaru
  5926 | D:8      | Reached skill level 10 in Axes
  5981 | D:8      | Found a flagged portal.
  6024 | Bailey   | Entered a bailey
  6070 | Bailey   | Identified the ring of Zyabb {rF+ Int+3 Dex+2}
  6283 | Bailey   | Identified the +7 halberd of Juiphuco {spect, *Slow rPois
                  | Int+4}
  6665 | D:8      | Noticed an orange demon
  6666 | D:8      | Noticed Amaemon
  6914 | D:8      | Killed Amaemon
  6914 | D:8      | Reached *** piety under Okawaru
  6915 | D:8      | Gained mutation: You are completely covered in sharp
                  | spines. [demonic ancestry]
  6915 | D:8      | Reached XP level 10. HP: 32/70 MP: 15/17
  6916 | D:8      | Killed an orange demon
  7396 | D:9      | Noticed a two-headed ogre
  7402 | D:9      | Slain by a two-headed ogre

Illustrated notes

Levels and vault maps discovered:
D:1:      amcnicky_arrival_flooded_fountain, layout_loops_ring,
          shapermc_ecumenical_altar_hornbeckon
D:2:      layout_rooms, uniq_terence
D:3:      layout_loops_ring, mainiacjoe_overflow_surrounded_room,
          hangedman_decor_opposing
D:4:      cheibrodos_pilgrimage, layout_basic
D:5:      corexii_shantytown, layout_loops_ring, minmay_temple_entry_butterflies
D:6:      layout_loops_ring
D:7:      minmay_slanted_spiral_squares, layout_cave_pods,
          mainiacjoe_overflow_cross_hatched, serial_park, serial_park_tiny_1,
          serial_park_tiny_1, serial_park_square2, serial_park_square1
          [serial_park_minivault_5x5_2]
D:8:      layout_basic, gammafunk_temple_overflow_claw, enter_bailey_4,
          uniq_amaemon
D:9:      layout_loops_cross, lemuel_crystal_altar, dpeg_oklobed_lair,
          minmay_misc_feat_rugged
Temple:   compressed_dpeg_circular_temple

Skill      XL: |  1  2  3  4  5  6  7  8  9 |
---------------+----------------------------+-----
Axes           | 3 4 5 6 8 9 10 | 10.5
Invocations    | 2 7 9 |  9.7
Armour         | 3 |  3.7
Dodging        | 3 |  3.3
Fighting       | |  3.0
Spellcasting   | |  1.0
Air Magic      | |  1.7

Action                     |  1- 3 |  4- 6 |  7- 9 | 10-12 || total
---------------------------+-------+-------+-------+-------++-------
  Melee: Hand axe          |    86 |   114 |   121 |       ||   321
         Headbutt          |    14 |    24 |    32 |     1 ||    71
         Punch             |       |     1 |     3 |       ||     4
         Mace              |       |       |   126 |     4 ||   130
 Invoke: Heroism           |       |       |     1 |       ||     1
  Evoke: Wand              |       |       |     6 |       ||     6
    Use: Potion            |       |       |     3 |       ||     3
         Scroll            |       |       |    18 |       ||    18
   Stab: Sleeping          |     2 |       |       |       ||     2
 Armour: Robe              |     4 |       |       |       ||     4
         Ring mail         |    12 |    27 |    22 |       ||    61
         Scale mail        |       |       |    23 |       ||    23
         Chain mail        |       |       |    47 |       ||    47
  Dodge: Dodged            |    70 |    73 |   221 |     3 ||   367

Table legend: (Time is in decaauts)
 A = Elapsed time spent in this place.
 B = Non-inter-level travel time spent in this place.
 C = Inter-level travel time spent in this place.
 D = Time resting spent in this place.
 E = Time spent auto-exploring this place.
 F = Levels seen in this place.
 G = Mean time per level.
                   A        B        C        D        E       F      G
               +--------+--------+--------+--------+--------+-----+--------+
         Total |   7434 |   7188 |    246 |    821 |   5023 |  11 |  675.8 |
       Dungeon |   7010 |   6780 |    230 |    778 |   4791 |   9 |  778.9 |
        Temple |     89 |     73 |     16 |      0 |     56 |   1 |   89.0 |
        Bailey |    333 |    333 |      0 |     43 |    176 |   1 |  333.0 |
               +--------+--------+--------+--------+--------+-----+--------+

Top non-repeatable levels by time:
     D:8: 1350 daAuts
     D:5: 1114 daAuts
     D:1: 847 daAuts
     D:6: 846 daAuts
     D:4: 808 daAuts
     D:7: 759 daAuts
     D:3: 731 daAuts
     D:2: 498 daAuts
  Bailey: 333 daAuts
  Temple: 89 daAuts
     D:9: 52 daAuts
